 Dungeon Crawl Stone Soup version 0.24.0-13-gcf9b319 (webtiles) character file.

Game seed: 7349228967669432297, levelgen mode: deterministic

93 Afromullet the Grasshopper (level 4, -6/38 HPs)
             Began as a Gnoll Warper on Feb 3, 2020.
             Mangled by a gnoll
             ... wielding a +0 vampiric spear
              (11 damage)
             ... on level 3 of the Dungeon.
             The game lasted 00:07:17 (2045 turns).

Afromullet the Grasshopper (Gnoll Warper)           Turns: 2045, Time: 00:07:17

Health: -6/38      AC:  3    Str: 14    XL:     4   Next: 62%
Magic:  11/11      EV: 10    Int: 15    God:
Gold:   133        SH:  0    Dex: 18    Spells: 9/13 levels left

rFire    . . .     SeeInvis .   a - +0 mace
rCold    . . .     Gourm    .   (no shield)
rNeg     . . .     Faith    .   b - +0 leather armour
rPois    .         Spirit   .   (no helmet)
rElec    .         Reflect  .   (no cloak)
rCorr    .         Harm     .   (no gloves)
MR       .....                  (no boots)
Stlth    +.........             n - amulet of regeneration
HPRegen  0.52/turn              q - +3 ring of dexterity
MPRegen  0.12/turn              (no ring)

@: constricted, heavily drained
A: distributed training, fangs 1, strong nose
a: no special abilities


You were on level 3 of the Dungeon.
You were not hungry.

You visited 1 branch of the dungeon, and saw 3 of its levels.

You collected 133 gold pieces.

Inventory:

Hand Weapons
 a - a +0 mace (weapon)
Missiles
 e - 5 boomerangs of dispersal (quivered)
Armour
 b - a +0 leather armour (worn)
 c - a +0 ring mail
 j - a cursed +0 robe
 k - a +1 robe of cold resistance
Jewellery
 n - an amulet of regeneration (around neck)
 p - an uncursed amulet of the acrobat
 q - a +3 ring of dexterity (left hand)
 v - an uncursed amulet of harm
Scrolls
 d - a scroll of blinking
 g - 2 scrolls of identify {unknown}
 i - 3 scrolls of remove curse
 r - a scroll of amnesia {unknown}
Potions
 h - 2 potions of curing {unknown}
 l - a potion of magic {unknown}
 m - a potion of brilliance {unknown}
 o - 3 potions of might {unknown}
 s - a potion of ambrosia {unknown}
 u - a potion of heal wounds {unknown}
Comestibles
 f - 4 rations


   Skills:
 + Level 4.6(3.0) Fighting
 + Level 1.2(0.0) Short Blades
 + Level 1.2(0.0) Long Blades
 + Level 1.2(0.0) Axes
 + Level 4.6(3.0) Maces & Flails
 + Level 1.2(0.0) Polearms
 + Level 1.2(0.0) Staves
 + Level 1.2(0.0) Slings
 + Level 1.2(0.0) Bows
 + Level 1.2(0.0) Crossbows
 + Level 2.8(1.2) Throwing
 + Level 2.8(1.2) Armour
 + Level 4.6(3.0) Dodging
 + Level 1.2(0.0) Stealth
 + Level 1.2(0.0) Shields
 + Level 1.2(0.0) Unarmed Combat
 + Level 5.1(3.4) Spellcasting
 + Level 1.0(0.0) Conjurations
 + Level 1.0(0.0) Hexes
 + Level 1.0(0.0) Charms
 + Level 1.0(0.0) Summonings
 + Level 1.0(0.0) Necromancy
 + Level 5.5(3.8) Translocations
 + Level 1.0(0.0) Transmutations
 + Level 1.0(0.0) Fire Magic
 + Level 1.0(0.0) Ice Magic
 + Level 1.0(0.0) Air Magic
 + Level 1.0(0.0) Earth Magic
 + Level 1.0(0.0) Poison Magic
 + Level 1.3(0.0) Invocations
 + Level 1.2(0.0) Evocations


You had 9 spell levels left.
You knew the following spells:

 Your Spells              Type           Power        Failure   Level  Hunger
a - Shroud of Golubria    Chrm/Tloc      #.....       16%         2    ##.....
b - Blink                 Tloc           N/A          8%          2    ##.....

Your spell library contained the following spells:

 Spells                   Type           Power        Failure   Level  Hunger
 Gell's Gravitas          Tloc           ##........   14%         3    ###....
 Lesser Beckoning         Tloc           ##........   14%         3    ###....
 Teleport Other           Tloc           ##......     14%         3    ###....
 Passage of Golubria      Tloc           N/A          43%         4    ####...


Dungeon Overview and Level Annotations

Branches:
Dungeon (3/15)

Altars:
Uskayaw


Innate Abilities, Weirdness & Mutations

Your experience applies equally to all skills.
You have very sharp teeth.
Your uncanny sense of smell can sniff out nearby items.


Message History

The giant cockroach misses you. The gnoll closely misses you.
The kobold throws a stone.
The stone closely misses you.
You closely miss the gnoll.
You hear the slow rusting of a distant drain.
The giant cockroach misses you. The gnoll closely misses you.
The giant cockroach barely misses you. The gnoll hits you!
The gnoll hits you from afar with a +0 halberd!
* * * LOW HITPOINT WARNING * * *
You hit the kobold.
You kill the kobold!
The giant cockroach misses you. The gnoll hits you.
* * * LOW HITPOINT WARNING * * *
The gnoll misses you.
The ball python bites you but does no damage.
The ball python grabs you. The ball python constricts you.
You barely miss the gnoll. The giant cockroach barely misses you.
The ball python misses you. The ball python constricts you.
The gnoll barely misses you.
The gnoll hits you from afar with a +0 vampiric spear!
You die...

.... ....
#...#
...##...#
...#...[## ∆
........#
#..$...#
##..w.g.#
#....gS@#
###..).gs.#
#.'.).(..(#
#.#......(#
#.#...(.(.#
#.#...#####
#.#####
####.#####
####........#


You could see a worm, 3 gnolls, a giant cockroach and a ball python.

Vanquished Creatures
  2 adders (D:2)
  An ooze (D:2)
  3 dart slugs
  3 ball pythons
  9 bats
  3 giant cockroaches
  8 goblins
  10 hobgoblins
  3 jackals (D:2)
  10 kobolds
  A frilled lizard (D:1)
  7 rats (D:2)
60 creatures vanquished.

Notes
Turn   | Place    | Note
-------+----------+-------------------------------------------
     0 | D:1      | Afromullet the Gnoll Warper began the quest for the Orb.
     0 | D:1      | Reached XP level 1. HP: 20/20 MP: 6/6
     3 | D:1      | Noticed a centaur
     3 | D:1      | Noticed an ogre
     5 | D:1      | Noticed a minotaur
     8 | D:1      | Noticed a formicid
    12 | D:1      | Noticed a ghoul
    12 | D:1      | Noticed a vine stalker
    14 | D:1      | Noticed a naga
    15 | D:1      | Noticed a ghoul
    17 | D:1      | Noticed a troll
    17 | D:1      | Noticed a vampire
    19 | D:1      | Noticed a gargoyle
    19 | D:1      | Noticed a ghoul
    21 | D:1      | Noticed a formicid
    25 | D:1      | Noticed a gargoyle
   197 | D:1      | Reached XP level 2. HP: 26/26 MP: 7/7
   234 | D:1      | Learned a level 2 spell: Shroud of Golubria
   237 | D:1      | Learned a level 2 spell: Blink
   417 | D:1      | Reached XP level 3. HP: 15/31 MP: 9/9
   712 | D:1      | Reached skill level 5 in Spellcasting
   951 | D:2      | Reached skill level 1 in Invocations
  1204 | D:2      | Reached skill level 1 in Short Blades
  1204 | D:2      | Reached skill level 1 in Long Blades
  1204 | D:2      | Reached skill level 1 in Axes
  1204 | D:2      | Reached skill level 1 in Polearms
  1204 | D:2      | Reached skill level 1 in Staves
  1204 | D:2      | Reached skill level 1 in Slings
  1204 | D:2      | Reached skill level 1 in Bows
  1204 | D:2      | Reached skill level 1 in Crossbows
  1204 | D:2      | Reached skill level 1 in Stealth
  1204 | D:2      | Reached skill level 1 in Shields
  1204 | D:2      | Reached skill level 1 in Unarmed Combat
  1204 | D:2      | Reached skill level 1 in Evocations
  1213 | D:2      | Reached XP level 4. HP: 20/38 MP: 9/11
  1520 | D:2      | Found a hide-covered altar of Uskayaw.
  2032 | D:3      | Reached skill level 1 in Conjurations
  2032 | D:3      | Reached skill level 1 in Hexes
  2032 | D:3      | Reached skill level 1 in Charms
  2032 | D:3      | Reached skill level 1 in Summonings
  2032 | D:3      | Reached skill level 1 in Necromancy
  2032 | D:3      | Reached skill level 1 in Transmutations
  2032 | D:3      | Reached skill level 1 in Fire Magic
  2032 | D:3      | Reached skill level 1 in Ice Magic
  2032 | D:3      | Reached skill level 1 in Air Magic
  2032 | D:3      | Reached skill level 1 in Earth Magic
  2032 | D:3      | Reached skill level 1 in Poison Magic
  2045 | D:3      | Mangled by a gnoll

Levels and vault maps discovered:
D:1:      shiori_arrival_whats_in_store_for_you, layout_rooms
D:2:      layout_basic, lemuel_round_altar, first_ration
D:3:      layout_basic, portal_sewer_entry_b, dk_vineyard_3

Skill      XL: |  1  2  3  4 |
---------------+-------------+-----
Spellcasting   | 5 |  5.1
Invocations    | 1 |  1.3
Short Blades   | 1 |  1.2
Long Blades    | 1 |  1.2
Axes           | 1 |  1.2
Polearms       | 1 |  1.2
Staves         | 1 |  1.2
Slings         | 1 |  1.2
Bows           | 1 |  1.2
Crossbows      | 1 |  1.2
Stealth        | 1 |  1.2
Shields        | 1 |  1.2
Unarmed Combat | 1 |  1.2
Evocations     | 1 |  1.2
Conjurations   | 1 |  1.0
Hexes          | 1 |  1.0
Charms         | 1 |  1.0
Summonings     | 1 |  1.0
Necromancy     | 1 |  1.0
Transmutations | 1 |  1.0
Fire Magic     | 1 |  1.0
Ice Magic      | 1 |  1.0
Air Magic      | 1 |  1.0
Earth Magic    | 1 |  1.0
Poison Magic   | 1 |  1.0
Fighting       | |  4.6
Maces & Flails | |  4.6
Throwing       | |  2.8
Armour         | |  2.8
Dodging        | |  4.6
Translocations | |  5.5

Action                   |  1- 3 |  4- 6 || total
-------------------------+-------+-------++-------
Melee: Mace              |    97 |    68 ||   165
       Bite              |    10 |     8 ||    18
 Cast: Shroud of Golubri |     3 |       ||     3
  Use: Scroll            |     1 |       ||     1
  Eat: Ration            |       |     1 ||     1
       Chunk             |       |     1 ||     1
Armor: Leather armour    |    33 |    21 ||    54
Dodge: Dodged            |   149 |    94 ||   243
